 Dungeon Crawl Stone Soup version 0.19-a0-1012-g919fee8 (webtiles) character file.

8810 Deemzul the Grappler (level 11, -2/166 HPs)
             Began as a Troll Monk on July 24, 2016.
             Was a High Priest of Dithmenos.
             Slain by a two-headed ogre
             ... wielding a +0 giant spiked club
              (6 damage)
             ... on level 2 of the Orcish Mines.
             The game lasted 00:11:22 (7519 turns).

Deemzul the Grappler (Troll Monk)                   Turns: 7519, Time: 00:11:23

Health: -2/166     AC: 25    Str: 25 (28) XL:     11   Next: 14%
Magic:  10/10      EV:  1    Int:  8 (10) God:    Dithmenos [*****.]
Gold:   837        SH:  0    Dex:  8 (11) Spells: 0 memorised, 10 levels left

rFire  . . .     SeeInvis .       - Unarmed
rCold  . . .     Gourm    +     (armour currently unavailable)
rNeg   + + +     Faith    .     (no shield)
rPois  +         Spirit   .     (helmet currently unavailable)
rElec  .         Dismiss  .     (cloak currently unavailable)
rCorr  .         Reflect  .     (gloves unavailable)
SustAt .         Harm     .     (boots unavailable)
MR     .....     Clarity  +     (no amulet)
Stlth  +++....... NoTele   +    a - +4 ring of intelligence
                                i - +5 ring of evasion

@: mighty, tree-form, very slightly contaminated, hasted and slowed, wreathed by
umbra, not resistant to hostile enchantments, fairly stealthy
A: unfitting armour, (claws 0), (fangs 0), (talons 0), blurry vision 1, clarity,
clumsy 1, fast metabolism 3, gourmand, sense surroundings 1, regeneration 2,
(shaggy fur 0), (tough skin 0), MP-powered wands
a: Shadow Step, Shadow Form, Renounce Religion


You were on level 2 of the Orcish Mines.
You worshipped Dithmenos.
Dithmenos was extremely pleased with you.
You were not hungry.
You were a tree.
You visited 3 branches of the dungeon, and saw 12 of its levels.

You collected 837 gold pieces.

Inventory:

Armour
 w - a +0 cloak (melded)
 z - a +2 robe of positive energy (melded)
Jewellery
 a - a +4 ring of intelligence (right branch)
 i - a +5 ring of evasion (left branch)
Wands
 C - a wand of lightning (12/15)
Scrolls
 c - a scroll of immolation {unknown}
 d - 4 scrolls of teleportation {unknown}
 e - 4 scrolls of enchant weapon {unknown}
 g - 11 scrolls of identify {unknown}
 k - a scroll of random uselessness {unknown}
 l - a scroll of fog {unknown}
 p - 3 scrolls of noise {unknown}
 r - a scroll of fear {unknown}
 t - 4 scrolls of remove curse {unknown}
 u - 2 scrolls of amnesia {unknown}
 y - 2 scrolls of recharging {unknown}
 A - 2 scrolls of magic mapping {unknown}
 E - 2 scrolls of blinking {unknown}
 H - a scroll of torment {unknown}
 I - a scroll of vulnerability {unknown}
Potions
 f - a potion of ambrosia
 j - a potion of mutation
 m - 5 potions of curing
 o - a potion of degeneration
 q - 3 potions of might
 x - a potion of haste
 B - a potion of agility
Books
 F - a book of the Warp

   Spells                             Type                      Level
   a - Recall                         Summoning/Translocation      3
   b - Gell's Gravitas                Hexes/Translocation          3
   c - Force Lance                    Conjuration/Translocation    4
   d - Warp Weapon                    Charms/Translocation         5
   e - Summon Forest                  Summoning/Translocation      5
Comestibles
 b - 8 bread rations
 h - 13 fruits
 n - 2 beef jerkies
 s - 5 meat rations
 v - 2 royal jellies
 G - a slice of pizza


   Skills:
 + Level 7.9 Fighting
 + Level 7.7 Dodging
 - Level 1.1 Stealth
 * Level 12.3 Unarmed Combat


You had 10 spell levels left.
You didn't know any spells.

Dungeon Overview and Level Annotations

Branches:
Dungeon (9/15)             Temple (1/1) D:5             Orc (2/2) D:9
   Lair: D:8-11         Elf: Orc:2

Altars:
Ashenzari
Cheibriados
Dithmenos
Elyvilon
Fedhas
Gozag
Kikubaaqudgha
Makhleb
Nemelex Xobeh
Okawaru
Qazlal
Uskayaw
Vehumet
Xom
Zin
The Shining One

Shops:
Orc:2 *


Innate Abilities, Weirdness & Mutations

You are too large for most types of armour.
((You have claws for hands.))
Your metabolism is lightning-fast.
You like to eat raw meat.
You heal very quickly.
((You are covered in fur. (AC +1)))
((You have very tough skin. (AC +2)))
((You have very sharp teeth.))
((You have sharp toenails.))
Scrolls take you a little longer to read.
You possess an exceptional clarity of mind.
You are clumsy. (Dex -2)
You passively map a small area around you.
You expend magic power (3 MP) to strengthen your wands.


Message History

The ogre mage hits you but does no damage.
The troll bites you but does no damage.
The troll claws you but does no damage. x2
You smack the troll!
You kill the troll!
Dithmenos accepts your kill.
Unknown command.
You pummel the ogre mage!! You punch the ogre mage.
The ogre mage is moderately wounded.
The ogre mage completely misses you. The troll bites you but does no damage.
The troll claws you!
* * * LOW HITPOINT WARNING * * *
The troll claws you but does no damage.
Unknown command.
Okay, then.
Unknown command.
You feel very mighty all of a sudden.
You flicker back into view.
The ogre mage casts a spell at you.
You feel yourself slow down.
The two-headed ogre hits you with a giant spiked club.
You die...

#...................... **
##.....................
###....#.................
##.....C..#....)(†)...#...
#..........#..†)<[.....#.#
#.##...#).T#....[......#.
.###...##.#†.).(#........
........†##...(..#........
#.....<.#♣T...............
#......CO.O..............,
##.......................
#......#.................
#....###.................
..... ...............#.
... ........#.....## , *
.###.#.#### , * *


You could see a hill giant, an ogre mage, a troll and a two-headed ogre.

Vanquished Creatures
  A cyclops (Orc:2)
  4 trolls (Orc:2)
  3 two-headed ogres
  Grinder (D:2)
  A boulder beetle (D:7)
  Sigmund (D:4)
  5 yaks (D:9)
  A steam dragon (D:8)
  A wyvern (D:8)
  A hippogriff (D:9)
  2 wargs
  A water moccasin (D:8)
  5 orc warriors
  4 sky beasts
  A black bear (D:8)
  2 phantoms
  2 ice beasts
  12 ogres
  4 centaurs
  A crocodile (D:7)
  2 big kobolds (D:9)
  3 giant frogs
  A gnoll sergeant (D:5)
  3 scorpions (D:8)
  8 wights
  5 crimson imps
  2 jellies (D:9)
  A quasit (D:9)
  11 orc wizards
  4 orc priests
  2 centaur skeletons
  7 hounds
  Ijyb (D:2)
  2 iguanas
  5 worker ants
  A hound skeleton (D:7)
  3 worker ant zombies
  14 adders
  11 gnolls
  3 shadow imps
  5 oozes
  An adder zombie (D:9)
  4 worms
  4 dart slugs
  8 giant geckos
  52 orcs
  5 ball pythons
  13 bats
  3 giant cockroaches
  12 goblins
  9 hobgoblins
  10 jackals
  2 quokkas
  A giant gecko skeleton (D:5)
  A goblin zombie (D:9)
  A hobgoblin zombie (D:9)
  17 kobolds
  2 kobold skeletons (D:9)
  An orc skeleton (D:9)
  An orc zombie (D:9)
  A quokka skeleton (D:9)
  9 rats
304 creatures vanquished.

Vanquished Creatures (others)
  A quokka (D:9)
1 creature vanquished.

Grand Total: 305 creatures vanquished

Notes
Turn   | Place    | Note
-------+----------+-------------------------------------------
     0 | D:1      | Deemzul the Troll Monk began the quest for the Orb.
     0 | D:1      | Reached XP level 1. HP: 22/22 MP: 0/0
    77 | D:1      | Reached XP level 2. HP: 24/29 MP: 1/1
   288 | D:1      | Reached XP level 3. HP: 36/36 MP: 2/2
   763 | D:2      | Reached XP level 4. HP: 45/45 MP: 3/3
   842 | D:2      | Reached skill level 4 in Unarmed Combat
   975 | D:2      | Noticed Ijyb
   982 | D:2      | Killed Ijyb
  1400 | D:2      | Reached XP level 5. HP: 53/53 MP: 4/4
  1612 | D:3      | Noticed Grinder
  1612 | D:3      | Paralysed by Grinder for 3 turns
  1626 | D:2      | Killed Grinder
  1626 | D:2      | Reached skill level 5 in Unarmed Combat
  1626 | D:2      | Reached XP level 6. HP: 41/62 MP: 5/5
  1702 | D:3      | Found a shimmering altar of Xom.
  1703 | D:3      | Found a shimmering altar of Xom.
  1705 | D:3      | Found a shimmering altar of Xom.
  1766 | D:3      | Found a shimmering altar of Xom.
  2341 | D:3      | Found a glowing silver altar of Zin.
  2341 | D:3      | Found a burning altar of Makhleb.
  2342 | D:3      | Noticed a balrug
  2342 | D:3      | Noticed an angel
  2504 | D:4      | Found a hide-covered altar of Uskayaw.
  2593 | D:4      | Reached skill level 6 in Unarmed Combat
  2593 | D:4      | Reached XP level 7. HP: 65/70 MP: 6/6
  2755 | D:4      | Noticed Sigmund
  2766 | D:4      | Killed Sigmund
  3234 | D:5      | Entered Level 5 of the Dungeon
  3276 | D:4      | Reached skill level 7 in Unarmed Combat
  3305 | D:4      | Reached XP level 8. HP: 66/79 MP: 7/7
  3540 | D:5      | Found a staircase to the Ecumenical Temple.
  3586 | Temple   | Entered the Ecumenical Temple
  3592 | Temple   | Became a worshipper of Dithmenos the Shadowed
  3592 | Temple   | Reached * piety under Dithmenos
  3592 | Temple   | Reached ** piety under Dithmenos
  3605 | D:5      | Found an opulent altar of Gozag.
  3764 | D:5      | Found an ancient bone altar of Kikubaaqudgha.
  3867 | D:6      | Found an iron altar of Okawaru.
  3950 | D:6      | Reached skill level 5 in Fighting
  4017 | D:6      | Found a stormy altar of Qazlal.
  4143 | D:6      | Reached skill level 5 in Dodging
  4143 | D:6      | Reached skill level 8 in Unarmed Combat
  4158 | D:6      | Gained mutation: You are robust. (+10% HP) [potion of beneficial mutation]
  4179 | D:6      | Lost mutation: You are robust. (+10% HP) [potion of cure mutation]
  4183 | D:6      | Gained mutation: You are weak. (Str -2) [mutagenic meat]
  4186 | D:6      | Gained mutation: You occasionally shout uncontrollably at your foes. [mutagenic meat]
  4189 | D:6      | Gained mutation: Scrolls take you a little longer to read. [mutagenic meat]
  4192 | D:6      | Lost mutation: You are weak. (Str -2) [mutagenic meat]
  4642 | D:7      | Noticed a two-headed ogre
  4650 | D:7      | Killed a two-headed ogre
  4650 | D:7      | Reached XP level 9. HP: 88/88 MP: 8/8
  4656 | D:7      | Reached skill level 9 in Unarmed Combat
  4723 | D:9      | Gained mutation: You expend magic power (3 MP) to strengthen your wands. [mutagenic meat]
  4732 | D:8      | Lost mutation: You occasionally shout uncontrollably at your foes. [mutagenic meat]
  4738 | D:8      | Gained mutation: You have a pair of small horns on your head. [mutagenic meat]
  4852 | D:8      | Reached *** piety under Dithmenos
  4854 | D:8      | Reached skill level 10 in Unarmed Combat
  4897 | D:8      | Gained mutation: You have very sharp teeth. [mutagenic meat]
  4900 | D:8      | Gained mutation: You passively map a small area around you. [mutagenic meat]
  4903 | D:8      | Gained mutation: You are clumsy. (Dex -2) [mutagenic meat]
  4906 | D:8      | Gained mutation: You possess an exceptional clarity of mind. [mutagenic meat]
  5607 | D:7      | Reached XP level 10. HP: 85/100 MP: 9/9
  6183 | D:9      | Found a glowing golden altar of the Shining One.
  6200 | D:9      | Reached **** piety under Dithmenos
  6216 | D:9      | Reached skill level 11 in Unarmed Combat
  6290 | D:9      | Found a white marble altar of Elyvilon.
  6825 | D:9      | Found a staircase to the Orcish Mines.
  7121 | Orc:1    | Entered Level 1 of the Orcish Mines
  7290 | Orc:2    | Entered Level 2 of the Orcish Mines
  7366 | Orc:2    | Reached ***** piety under Dithmenos
  7386 | Orc:2    | Noticed a cyclops
  7386 | Orc:2    | Found Puwniom's Assorted Antiques.
  7387 | Orc:2    | Noticed a hill giant
  7405 | Orc:1    | Reached skill level 12 in Unarmed Combat
  7475 | Orc:2    | Reached XP level 11. HP: 69/110 MP: 10/10
  7481 | Orc:2    | Noticed an ogre mage
  7510 | Orc:2    | Gained mutation: You have sharp toenails. [potion of mutation]
  7510 | Orc:2    | Lost mutation: You have a pair of small horns on your head. [potion of mutation]
  7512 | Orc:2    | HP: 4/111 [troll (15)]
  7518 | Orc:2    | HP: 4/166 [troll (8)]
  7519 | Orc:2    | Slain by a two-headed ogre

Vault maps used:
D:1:      shiori_arrival_maze, kennysheep_nondescript
D:2:      wad_river_or_something, uniq_iyjb
D:3:      grunt_temple_overflow_order_and_chaos_2, serial_glass,
          glass_columns_c, glass_columns_b, xom_redecorated, uniq_grinder
D:4:      old_standard_altar, first_bread, nicolae_zen_rock_garden,
          glass_columns_a, cheibrodos_gnoll_hut, uniq_sigmund
D:5:      nicolae_overflow_hidden_temple, grunt_gozag_breadcrumbs
D:6:      okawaru_metal_pillars_3, grunt_qazlal_sundering
D:7:      boulder_indie
D:9:      elyvilon_altar_4, nicolae_tso_besieged_by_evil
Temple:   eino_narrow_crystal_temple
Orc:1:    serial_shops, shop, nicolae_orc_crystal_geode
Orc:2:    st_orc_open

Skill      XL: |  1  2  3  4  5  6  7  8  9 10 |
---------------+-------------------------------+-----
Fighting       | 3 4 5 6 7 |  7.9
Unarmed Combat | 4 5 6 7 8 10 12 | 12.3
Dodging        | 3 4 5 6 7 |  7.7
Stealth        | |  1.1

Action                   |  1- 3 |  4- 6 |  7- 9 | 10-12 || total
-------------------------+-------+-------+-------+-------++-------
Melee: Unarmed           |   101 |   133 |   338 |   260 ||   832
       Punch             |       |     4 |    16 |    12 ||    32
       Headbutt          |       |       |    18 |    49 ||    67
       Bite              |       |       |     5 |    27 ||    32
  Use: Potion            |       |       |     8 |     8 ||    16
 Stab: Sleeping          |     3 |     3 |     2 |       ||     8
       Distracted        |       |       |     1 |       ||     1
       Invisible         |       |       |       |     5 ||     5
  Eat: Chunk             |     4 |    23 |    39 |    16 ||    82
       Pizza             |     1 |       |       |       ||     1
Armor: Robe              |    33 |    26 |    70 |    23 ||   152
       Skin              |       |       |       |     8 ||     8
Dodge: Dodged            |    52 |   107 |   316 |   236 ||   711
